AoeStats
← [CL] Libertaria

African Clearing

511150237Analyzed
4v4 RM · 11d ago on Oct 3, 2026· 58m 57s· 8 players
Game mode
Random Map
Map size
Large (8 player)
Population
200
Speed
Normal
Resources
Standard
Victory
Conquest
Starting age
Dark Age
Ending age
Imperial Age
RankedLock teamsTeams togetherTeam positionsShared explorationLock speedFull tech treeHidden civsTurbo modeCheats
Victory
Defeat
🇨🇱 Tupi · Chile
1564
+13
🇨🇱 Danes · Chile
1557
+13
🇨🇱 Burgundians · Chile
1363
+21
🇨🇱 Maya · Chile
1270
+25
vs
🇨🇱 Cumans · Chile
1563
-21
🇨🇱 Berbers · Chile
1517
-19
🇨🇱 Italians · Chile
1508
-19
🇨🇱 Persians · Chile
1365
-13
Persir
11:53 Feudal Age
12:42 Double-Bit Axe
16:58 Loom
18:33 Wheelbarrow
23:47 Castle Age
22:23 Gold Mining
23:38 Bloodlines
23:40 Forging
23:36 Scale Barding Armor
26:23 Chain Barding Armor
26:03 Horse Collar
32:15 Iron Casting
33:05 Hand Cart
37:17 Imperial Age
37:07 Heavy Plow
37:41 Cavalier
38:57 Plate Barding Armor
39:23 Blast Furnace
39:59 Conscription
39:47 Paladin
46:13 Town Watch
53:07 Crop Rotation
mnelias
6:06 Loom
12:52 Feudal Age
16:52 Castle Age
15:25 Stone Mining
15:56 Double-Bit Axe
22:16 Fletching
26:59 Bodkin Arrow
29:10 Wheelbarrow
29:54 Padded Archer Armor
34:20 Ballistics
49:31 Bow Saw
49:16 Gold Mining
51:19 Husbandry
58:51 Imperial Age
joseto.lld
3:22 Loom
14:04 Feudal Age
18:14 Castle Age
21:06 Fletching
22:28 Double-Bit Axe
29:03 Padded Archer Armor
29:10 Bodkin Arrow
29:38 Ballistics
33:36 Padded Archer Armor
47:43 Caravan
54:00 Imperial Age
Maniac
7:47 Loom
12:57 Feudal Age
13:34 Double-Bit Axe
13:30 Horse Collar
16:59 Wheelbarrow
33:23 Horse Collar
38:26 Castle Age
39:40 Bloodlines
39:30 Husbandry
39:36 Scale Barding Armor
39:41 Forging
40:40 Chain Barding Armor
39:46 Light Cavalry
54:01 Iron Casting
60:48 Imperial Age
[CL] Dubstepyzed
11:30 Feudal Age
12:03 Double-Bit Axe
13:03 Loom
14:03 Horse Collar
16:02 Wheelbarrow
18:08 Forging
21:22 Castle Age
19:57 Gold Mining
20:45 Bloodlines
20:53 Scale Barding Armor
22:22 Bow Saw
23:22 Husbandry
24:59 Chain Barding Armor
28:45 Town Watch
29:32 Heavy Plow
32:18 Fervor
32:31 Stone Mining
34:41 Stone Shaft Mining
34:55 Hand Cart
36:05 Fletching
36:53 Guard Tower
38:08 Gold Shaft Mining
38:27 Ballistics
41:38 Imperial Age
39:21 Scale Mail Armor
40:30 Iron Casting
39:57 Squires
39:42 Arson
39:58 Hamask
42:03 Chain Mail Armor
41:44 Bodkin Arrow
42:02 Masonry
43:25 Blast Furnace
42:47 Conscription
43:36 Plate Mail Armor
43:21 Elite Jomsviking
44:52 Bracer
46:43 Chemistry
45:48 Caravan
45:21 Capped Ram
46:14 Siege Ram
46:44 Northmen's Fury
47:32 Siege Engineers
49:19 Hoardings
50:12 Onager
52:33 Coinage
53:55 Keep
53:06 Arrowslits
53:54 Murder Holes
55:00 Devotion
56:03 Banking
57:44 Siege Onager
Jhasper con manos
8:50 Double-Bit Axe
12:02 Feudal Age
11:01 Horse Collar
12:12 Loom
13:40 Bow Saw
18:26 Castle Age
18:04 Scale Barding Armor
18:21 Heavy Plow
21:32 Wheelbarrow
25:25 Elite Skirmisher
33:25 Imperial Age
30:53 Cavalier
31:37 Husbandry
32:20 Hand Cart
32:32 Chain Barding Armor
32:55 Gold Mining
33:43 Paladin
35:30 Plate Barding Armor
36:49 Crop Rotation
37:18 Conscription
38:23 Two-Man Saw
37:18 Stone Mining
38:18 Light Cavalry
40:50 Squires
40:11 Pikeman
41:27 Scale Mail Armor
41:38 Forging
41:28 Arson
42:03 Fletching
42:36 Chain Mail Armor
51:00 Padded Archer Armor
55:54 Bodkin Arrow
56:40 Iron Casting
Darthseveros
9:42 Loom
12:34 Feudal Age
17:03 Fletching
23:56 Castle Age
22:48 Padded Archer Armor
23:59 Crossbowman
24:44 Thumb Ring
25:21 Double-Bit Axe
27:43 Bow Saw
35:11 Ballistics
41:23 Horse Collar
41:25 Pikeman
42:53 Bodkin Arrow
45:09 Wheelbarrow
44:22 Town Watch
45:46 Squires
45:49 Scale Mail Armor
49:31 Imperial Age
49:51 Hand Cart
49:56 Chain Mail Armor
50:51 Forging
51:12 Plate Mail Armor
51:21 Conscription
50:22 Elite Plumed Archer
52:42 Bracer
54:47 Arbalester
57:02 Leather Archer Armor
[CL] Libertaria
12:55 Feudal Age
13:14 Loom
16:35 Castle Age
15:50 Double-Bit Axe
17:58 Forging
17:39 Fletching
19:00 Wheelbarrow
20:33 Bodkin Arrow
22:52 Ballistics
26:15 Bow Saw
27:09 Padded Archer Armor
29:15 Horse Collar
33:15 Town Watch
33:46 Hand Cart
36:42 Leather Archer Armor
40:39 Imperial Age
39:57 Heavy Plow
39:48 Gold Mining
39:50 Stone Mining
41:36 Bracer
42:39 Chemistry
41:50 Curare
42:06 Conscription
42:03 Elite Blackwood Archer
Connection lost

Rejoining the realm…

Still unreachable

The connection could not be restored.

Session expired

The server has moved on; the page needs a fresh start.